 Dungeon Crawl Stone Soup version 0.15-a0-1224-g3833f9c (webtiles) character file.

980 Quh the Shooter (level 7, -3/46 HPs)
             Began as a High Elf Arcane Marksman on June 2, 2014.
             Was a Follower of Okawaru.
             Slain by a gnoll
             ... wielding a +0,+0 spear
              (4 damage)
             ... on Level 5 of the Dungeon.
             The game lasted 00:30:12 (6440 turns).

Quh the Shooter (High Elf Arcane Marksman)          Turns: 6440, Time: 00:30:12

HP  -3/46        AC  6     Str 10      XL: 7   Next: 96%
MP  18/18        EV 11     Int 17      God: Okawaru [*.....]
Gold 85          SH  0     Dex 17      Spells:  3 memorised,  5 levels left

rFire  . . .     SeeInvis +     a - +0 falchion
rCold  . . .     Clarity  .     D - +0 leather armour
rNeg   . . .     rCorr    .     (no shield)
rPois  .         rRot     .     y - +1 helmet {SInv}
rElec  .         Spirit   .     k - +0 cloak
SustAb .         Warding  .     (no gloves)
rMut   .         Stasis   .     (no boots)
Gourm  .                        (no amulet)
MR     .....                    g - ring of stealth
                                o - ring of see invisible

@: not resistant to hostile enchantments, fairly stealthy
A: no striking features
a: Heroism, Renounce Religion


You were on level 5 of the Dungeon.
You worshipped Okawaru.
Okawaru was aware of your devotion.
You were hungry.

You visited 2 branches of the dungeon, and saw 6 of its levels.

You collected 85 gold pieces.

Inventory:

Hand weapons
 a - a +0,+0 falchion (weapon)
 b - a +0,+0 shortbow
 I - a +0,+0 shortbow
Missiles
 c - 56 arrows
Armour
 i - a +0 robe
 k - a +0 cloak (worn)
 y - a +1 helmet of see invisible (worn)
 D - a +0 leather armour (worn)
 K - a +0 cloak
Magical devices
 C - a wand of disintegration (7) {unknown}
Comestibles
 f - 2 bread rations
 q - a beef jerky
 s - 2 chunks of goblin flesh
 w - 4 meat rations
 A - 5 fruits
 B - a chunk of giant newt flesh
Scrolls
 h - a scroll of enchant armour
 l - a scroll of fog {unknown}
 p - a scroll of teleportation
 r - a scroll of random uselessness {unknown}
 t - a scroll of blinking
 F - a scroll of fear {unknown}
Jewellery
 e - an uncursed ring of protection from cold
 g - a ring of stealth (right hand)
 o - a ring of see invisible (left hand)
Potions
 j - a potion of poison {unknown}
 m - 3 potions of curing
 n - 2 potions of invisibility {unknown}
 u - a potion of degeneration {unknown}
 v - a potion of heal wounds {unknown}
 x - a potion of haste {unknown}
 z - a potion of flight {unknown}
 E - a potion of cure mutation {unknown}
 G - a potion of brilliance {unknown}
 H - a potion of restore abilities {unknown}
Books
 d - a book of Debilitation

   Spells                             Type                      Level
   *Corona                            Hexes                        1
   *Slow                              Hexes                        2
   Inner Flame                        Hexes/Fire                   3
   Enslavement                        Hexes                        4
   *Cause Fear                        Hexes                        4
   Leda's Liquefaction                Hexes/Earth                  4


   Skills:
 + Level 3.1 Fighting
 - Level 1.6 Long Blades
 * Level 6.8 Bows
 - Level 2.1 Dodging
 + Level 3.8 Stealth
 - Level 3.2 Spellcasting
 * Level 5.2 Hexes
 + Level 2.6 Invocations
 - Level 0.7 Evocations


You had 5 spell levels left.
You knew the following spells:

 Your Spells              Type           Power        Failure   Level  Hunger
a - Corona                Hex            ###....      1%          1    None
b - Cause Fear            Hex            ###.......   21%         4    ####...
c - Slow                  Hex            ###.....     2%          2    ##.....


Dungeon Overview and Level Annotations

Branches:
Dungeon (5/15)             Temple (1/1) D:4

Altars:
Ashenzari
Cheibriados
Dithmenos
Fedhas
Gozag
Nemelex Xobeh
Okawaru
Qazlal
Sif Muna
Trog
Vehumet
Xom
Yredelemnul
The Shining One


Message History

The gnoll hits you with a spear.
* * * LOW HITPOINT WARNING * * *
You see here 2 arrows.
You barely miss the gnoll.
The gnoll is almost dead.
The gnoll hits you with a spear.
* * * LOW HITPOINT WARNING * * *
The gnoll hits you with a spear.
* * * LOW HITPOINT WARNING * * *
You hit the gnoll.
The gnoll is almost dead.
The gnoll hits you with a spear.
* * * LOW HITPOINT WARNING * * *
You hit the gnoll but do no damage.
The gnoll is almost dead.
The gnoll hits you but does no damage.
You closely miss the gnoll.
The gnoll is almost dead.
The gnoll hits you with a spear.
You die...

### #.. #.# ## #g#
.....###@########
........(........
......##)#####.##
#####........##.#
##...... ......#.#
.#.............#.#
.#....... #...#
...# ##..#. .#.#
#..#.#


You could see a gnoll.

Vanquished Creatures
  2 sky beasts (D:5)
  A black bear (D:3)
  An ogre (D:4)
  A centaur (D:4)
  A scorpion (D:5)
  A crimson imp (D:5)
  3 hounds (D:4)
  An iguana (D:4)
  2 orc priests
  4 worker ants
  An orc wizard (D:4)
  2 gnolls (D:5)
  5 adders
  A shadow imp (D:5)
  2 giant geckos
  An ooze (D:2)
  9 orcs
  4 giant cockroaches
  9 hobgoblins
  9 jackals
  A ball python (D:4)
  6 bats
  4 giant newts
  11 goblins
  9 kobolds
  A quokka (D:2)
  10 rats
102 creatures vanquished.

Notes
Turn   | Place    | Note
--------------------------------------------------------------
     0 | D:1      | Quh, the High Elf Arcane Marksman, began the quest for the Orb.
     0 | D:1      | Reached XP level 1. HP: 13/13 MP: 3/3
   360 | D:1      | Reached XP level 2. HP: 16/18 MP: 1/4
  1757 | D:2      | Found a radiant altar of Vehumet.
  1765 | D:2      | Reached XP level 3. HP: 17/23 MP: 6/8
  2175 | D:2      | Reached skill level 1 in Stealth
  2728 | D:2      | Reached XP level 4. HP: 18/28 MP: 11/11
  3606 | D:3      | Noticed a black bear
  3611 | D:3      | Killed a black bear
  3611 | D:3      | Reached skill level 1 in Long Blades
  3611 | D:3      | Reached skill level 4 in Bows
  3611 | D:3      | Reached XP level 5. HP: 33/33 MP: 12/14
  3690 | D:3      | Learned a level 4 spell: Cause Fear
  3693 | D:3      | Learned a level 2 spell: Slow
  4281 | D:4      | Found a staircase to the Ecumenical Temple.
  4300 | Temple   | Entered the Ecumenical Temple
  4347 | Temple   | Became a worshipper of Warmaster Okawaru
  4687 | D:4      | Reached XP level 6. HP: 27/38 MP: 17/17
  4854 | D:4      | Reached skill level 5 in Bows
  5066 | D:4      | Reached skill level 1 in Invocations
  5127 | D:4      | Noticed an ogre
  5136 | D:4      | Killed an ogre
  5150 | D:4      | Noticed a centaur
  5166 | D:4      | Killed a centaur
  5166 | D:4      | Reached XP level 7. HP: 5/45 MP: 18/18
  5573 | D:4      | Acquired Okawaru's first power
  5804 | D:4      | Found a basalt altar of Yredelemnul.
  5853 | D:5      | Entered Level 5 of the Dungeon
  5933 | D:5      | Reached skill level 6 in Bows
  5950 | D:5      | Found a sparkling altar of Nemelex Xobeh.
  6039 | D:5      | Reached skill level 5 in Hexes
  6437 | D:5      | HP: 2/46 [gnoll/spear (2)]
  6440 | D:5      | Slain by a gnoll

Action                   |  1- 3 |  4- 6 |  7- 9 || total
-------------------------+-------+-------+-------++-------
Melee: Dagger            |    81 |       |       ||    81
       Unarmed           |     6 |       |       ||     6
       Shortbow          |     1 |       |       ||     1
       Falchion          |     3 |   106 |    68 ||   177
 Fire: Shortbow          |    65 |    64 |    79 ||   208
 Cast: Corona            |    26 |     7 |     8 ||    41
       Slow              |       |     3 |     3 ||     6
  Use: Scroll            |       |     4 |     1 ||     5
 Stab: Sleeping          |     2 |     4 |     2 ||     8
